 Dungeon Crawl Stone Soup version 0.28.0-62-gf88900778d (webtiles) character file.

Game seed: 3261593868029019903

44696 cbfl8 the Severer (level 13, -13/113 HPs)
             Began as a Minotaur Fighter on May 8, 2023.
             Was an Elder of Makhleb.
             Mangled by a manticore (21 damage)
             ... summoned by Kirke
             ... on level 14 of the Dungeon.
             The game lasted 00:26:54 (23519 turns).

cbfl8 the Severer (Minotaur Fighter)               Turns: 23519, Time: 00:26:56

Health: -13/113    AC:  0    Str: 22    XL:     13   Next: 97%
Magic:  12/12      EV: 14    Int:  5    God:    Makhleb [****..]
Gold:   1035       SH:  0    Dex: 14    Spells: 12/12 levels left

rFire   . . .      SeeInvis .   (weapon currently unavailable)
rCold   . . .      Faith    .   (shield currently unavailable)
rNeg    . . .      Spirit   .   (armour currently unavailable)
rPois   .          Reflect  .   (helmet currently unavailable)
rElec   .          Harm     .   (cloak currently unavailable)
rCorr   .          Rampage  .   (gloves currently unavailable)
Will    .....                   (boots currently unavailable)
Stlth   ++........              (no amulet)
HPRegen 0.28/turn               (ring currently unavailable)
MPRegen 0.13/turn               (ring currently unavailable)

@: pig-form, spiked, studying Staves, very quick
A: fast, no casting, small, (horns 2), (retaliatory headbutt)
a: Renounce Religion, Minor Destruction, Lesser Servant of Makhleb, Major
Destruction


You were on level 14 of the Dungeon.
You worshipped Makhleb.
Makhleb was greatly pleased with you.
You were a filthy swine.
You visited 2 branches of the dungeon, and saw 15 of its levels.

You collected 1035 gold pieces.

Inventory:

Hand Weapons
 z - a +2 broad axe of flaming (melded)
Missiles
 e - 2 throwing nets
Armour
 c - a +0 buckler (melded)
 o - a +0 plate armour (melded)
 q - the +1 Delatra's gloves (melded) {ID++}
   (You found it on level 3 of the Dungeon)

   It heals its wearer when they drink unknown potions.
   It restores its wearer's MP when they read unknown scrolls.
 w - a +0 pair of boots (melded)
 I - a +0 cloak (melded)
Jewellery
 l - a ring of see invisible
 r - a ring of fire
 x - a +4 ring of protection (melded)
 F - a ring of flight (melded)
Wands
 s - a wand of iceblast (8)
 y - a wand of flame (74)
 H - a wand of polymorph (10)
Scrolls
 a - 2 scrolls of brand weapon {unknown}
 b - 2 scrolls of fog {unknown}
 f - 3 scrolls of noise
 g - a scroll of teleportation
 j - 2 scrolls of magic mapping
 m - a scroll of silence
 n - a scroll of fear
 A - a scroll of enchant weapon
 D - a scroll of immolation {unknown}
 G - 3 scrolls of amnesia {unknown}
 K - a scroll of summoning
 L - 2 scrolls of enchant armour {unknown}
Potions
 d - 2 potions of might
 h - 2 potions of flight {unknown}
 i - 7 potions of curing
 k - a potion of attraction {unknown}
 p - 2 potions of haste {unknown}
 t - a potion of mutation {unknown}
 u - a potion of brilliance {unknown}
 v - 2 potions of invisibility
 B - 2 potions of degeneration {unknown}
 C - 2 potions of berserk rage {unknown}
 E - 2 potions of lignification {unknown}
 M - 2 potions of ambrosia {unknown}
 P - 2 potions of resistance {unknown}


   Skills:
 + Level 9.9 Fighting
 * Level 16.1(16.8) Axes
 + Level 8.0(13.1) Maces & Flails
 * Level 14.8 Armour
 + Level 2.0 Dodging
 + Level 2.6 Stealth
 * Level 10.5 Shields
 * Level 9.0 Evocations


You had 12 spell levels left.
You didn't know any spells.
Your spell library contained the following spells:

 Spells                   Type           Power      Damage    Failure   Level
 Animate Skeleton         Necr           0%         N/A       47%         1
 Beastly Appendage        Tmut           0%         N/A       47%         1
 Magic Dart               Conj           0%         1d3       47%         1
 Pain                     Necr           0%         1d4       47%         1
 Sandblast                Erth           0%         2d4       47%         1
 Summon Small Mammal      Summ           0%         N/A       47%         1
 Call Imp                 Summ           0%         N/A       63%         2
 Passwall                 Tmut/Erth      0%         N/A       63%         2
 Wereblood                Tmut           0%         N/A       63%         2
 Call Canine Familiar     Summ           0%         N/A       85%         3
 Gell's Gravitas          Tloc           0%         N/A       85%         3
 Ignite Poison            Fire/Tmut/Pois 0%         N/A       85%         3
 Mephitic Cloud           Conj/Pois/Air  0%         N/A       85%         3
 Spider Form              Tmut/Pois      0%         N/A       85%         3
 Stone Arrow              Conj/Erth      0%         3d7       85%         3
 Summon Guardian Golem    Hex/Summ       0%         N/A       85%         3
 Teleport Other           Tloc           0%         N/A       85%         3
 Vampiric Draining        Necr           0%         2d6       85%         3
 Borgnjor's Vile Clutch   Necr/Erth      0%         N/A       100%        5
 Fireball                 Conj/Fire      0%         3d3       100%        5
 Freezing Cloud           Conj/Ice/Air   0%         6-21      100%        5
 Iskenderun's Battlesphe  Conj           0%         2d6       100%        5
 Conjure Ball Lightning   Conj/Air       0%         3x3d6     100%        6
 Dispersal                Tloc           0%         N/A       100%        6
 Statue Form              Tmut/Erth      0%         N/A       100%        6
 Orb of Destruction       Conj           0%         9d5       100%        7
 Discord                  Hex            0%         N/A       100%        8
 Disjunction              Tloc           0%         N/A       100%        8
 Death's Door             Necr           0%         N/A       100%        9


Dungeon Overview and Level Annotations

Branches:
Dungeon (14/15)            Temple (1/1) D:6            Lair (0/6) D:10
    Orc (0/2) D:9          Vaults (0/5) D:14

Altars:
Ashenzari
Cheibriados
Dithmenos
Elyvilon
Fedhas
Gozag
Hepliaklqana
Kikubaaqudgha
Makhleb
Nemelex Xobeh
Okawaru
Qazlal
Ru
Sif Muna
Trog
Uskayaw
Vehumet
Wu Jian
Xom
Yredelemnul
Zin
The Shining One

Shops:
D:13 *

Annotations:
D:14 Kirke


Innate Abilities, Weirdness & Mutations

You are a filthy swine.
You move quickly.
Your equipment is almost entirely melded.
You are incapable of wielding weapons or throwing items.
You cannot cast spells.
((You have a pair of horns on your head.))
((You reflexively headbutt those who attack you in melee.))


Message History

Aim: Kirke (severely wounded, covered in acid, 74% to hit)
The bolt of acid hits Kirke!!
Kirke seems to be corroded for longer.
Kirke is almost dead.
The now-empty wand crumbles to dust.
Kirke gestures wildly while chanting.
Kirke summons a manticore!
Unknown command.
Unknown command.
The barbs in your skin will harm you if you move.
Continue? [Y]es or [N]o only, please.
The barbs in your skin will harm you if you move.
Continue?
The barbed spikes dig painfully into your body as you move.
Kirke hits you.
You barely miss Kirke.
Kirke is almost dead.
Kirke closely misses you.
Unknown command.
You closely miss Kirke.
Kirke is almost dead.
The manticore bites you! The manticore claws you! The manticore claws you.
Unknown command.
You hit Kirke.
Kirke is almost dead.
Kirke hits you. The manticore bites you! The manticore claws you!
The manticore closely misses you. The manticore bites you!!
* * * LOW HITPOINT WARNING * * *
The manticore barely misses you. The manticore closely misses you.
Unknown command.
You bite Kirke!
Kirke is almost dead.
Kirke mumbles some strange words.
Kirke summons a lindwurm!
You feel much better. The manticore bites you!
* * * LOW HITPOINT WARNING * * *
The manticore claws you!
* * * LOW HITPOINT WARNING * * *
The manticore claws you.
* * * LOW HITPOINT WARNING * * *
The manticore bites you!!
You die...

....###....[..## #.....#####.....
...............# #.......∩.).....
..>........##.## #.....#####.....
..............# ##......#.#......
..............###................
.................................
..................#..............
#.....##........##(.#.....######
##...###......Hh....#.....##
....>........kH@....##.....#
...................##......#
..........................##
.........................###
.....................#..##
.....................#..#
....##..................#
....##.......#...... ....


You could see Kirke (corroded), 2 manticores and a lindwurm (summoned).

Vanquished Creatures
  Jorgrun (D:11)
  A frost giant (D:12)
  Snorg (D:12)
  3 boulder beetles
  An ogre mage (D:13)
  3 hydras
  Fannar (D:12)
  4 two-headed ogres
  3 centaur warriors
  2 dancing weapons (D:14)
  A tengu warrior (D:14)
  4 skeletal warriors (D:12)
  2 wizards
  A lindwurm (shapeshifter) (D:14)
  2 deep elf pyromancers
  8 ugly things
  3 manticores
  5 cyclopes
  3 gargoyles
  3 unseen horrors
  A demonic crawler (D:11)
  Maggie (D:7)
  3 kobold demonologists
  An efreet (D:13)
  A freezing wraith (D:13)
  A tengu conjurer (D:14)
  2 komodo dragons
  2 trolls
  A hornet (D:5)
  5 slime creatures
  A centaur simulacrum (D:13)
  18 yaks
  2 wyverns (D:9)
  8 wraiths
  4 basilisks
  A water elemental (D:13)
  A basilisk (shapeshifter) (D:13)
  7 hogs
  A steam dragon (D:7)
  5 vampire mosquitoes
  2 swamp worms (D:11)
  3 water moccasins
  An acid dragon (D:10)
  5 orc warriors
  A black bear (D:6)
  3 sky beasts
  An ice beast (D:5)
  4 boggarts
  2 ogres
  2 centaurs
  2 phantoms
  22 kobold brigands
  3 bullfrogs
  3 gnoll sergeants
  A wyvern zombie (D:6)
  37 killer bees
  13 wights
  4 howler monkeys
  4 electric eels
  A vampire bat (D:4)
  4 centaur zombies
  3 hounds
  2 jellies
  4 orc priests
  Crazy Yiuf (D:7)
  A bullfrog skeleton (D:6)
  Ijyb (D:3)
  2 iguanas
  A scorpion zombie (D:5)
  6 orc wizards
  A hound zombie (D:5)
  6 adders
  A howler monkey skeleton (D:7)
  8 gnolls
  An ufetubus (D:7)
  3 fire bats (D:4)
  36 orcs
  2 spectral bats (D:4)
  10 ball pythons
  15 bats
  A bat simulacrum (D:4)
  3 bat skeletons (D:4)
  A bat zombie (D:4)
  9 endoplasms
  3 giant cockroaches
  11 goblins
  8 hobgoblins
  9 jackals
  37 kobolds
  3 quokkas
  3 frilled lizards
  3 rats
431 creatures vanquished.

Vanquished Creatures (others)
  3 fungi (D:7)
  9 plants
12 creatures vanquished.

Grand Total: 443 creatures vanquished

Notes
Turn   | Place    | Note
-------+----------+-------------------------------------------
     0 | D:1      | cbfl8 the Minotaur Fighter began the quest for the Orb.
     0 | D:1      | Reached XP level 1. HP: 19/19 MP: 0/0
   330 | D:1      | Reached XP level 2. HP: 27/27 MP: 1/1
   640 | D:1      | Reached skill level 1 in Evocations
   691 | D:1      | Reached XP level 3. HP: 32/33 MP: 2/2
  1316 | D:2      | Reached skill level 3 in Axes
  1648 | D:2      | Reached XP level 4. HP: 18/40 MP: 3/3
  2631 | D:2      | Identified the +8 whip "Faapit" {vorpal, rElec Str+4}
  2661 | D:3      | Found a shimmering blue altar of Sif Muna.
  2837 | D:3      | Found the +1 Delatra's gloves {ID++}
  3199 | D:3      | Reached XP level 5. HP: 46/46 MP: 4/4
  3316 | D:3      | Noticed Ijyb
  3322 | D:3      | Killed Ijyb
  3688 | D:4      | Noticed an ogre
  3739 | D:4      | Noticed a phantom
  3745 | D:4      | Killed a phantom
  3746 | D:4      | Reached skill level 1 in Maces & Flails
  3746 | D:4      | Reached skill level 5 in Armour
  3746 | D:4      | Reached XP level 6. HP: 51/53 MP: 5/5
  4181 | D:4      | Reached XP level 7. HP: 48/60 MP: 6/6
  4266 | D:4      | Found an ornate altar of the Wu Jian Council.
  4623 | D:5      | Entered Level 5 of the Dungeon
  4778 | D:5      | Noticed a hornet
  4782 | D:5      | Killed a hornet
  4783 | D:5      | Reached skill level 5 in Fighting
  4783 | D:5      | Reached skill level 5 in Maces & Flails
  4783 | D:5      | Reached skill level 5 in Shields
  4783 | D:5      | Reached XP level 8. HP: 68/68 MP: 7/7
  4902 | D:5      | Found a sacrificial altar of Ru.
  5070 | D:5      | Found a hazy altar of Hepliaklqana.
  5559 | D:5      | You fall into a shaft and drop 3 floors!
  5876 | D:7      | Reached XP level 9. HP: 74/74 MP: 8/8
  6055 | D:7      | Noticed Maggie
  6065 | D:7      | Killed Maggie
  6066 | D:7      | Reached skill level 4 in Axes
  6066 | D:7      | Reached skill level 5 in Evocations
  6071 | D:7      | Reached skill level 1 in Stealth
  6921 | D:6      | Found a basalt altar of Yredelemnul.
  6923 | D:6      | Noticed a profane servitor
  6938 | D:6      | Found a glowing golden altar of the Shining One.
  7011 | D:6      | Found a staircase to the Ecumenical Temple.
  7071 | D:6      | Reached skill level 5 in Axes
  7712 | D:6      | Noticed an angel
  7803 | Temple   | Entered the Ecumenical Temple
  7995 | Temple   | Became a worshipper of Makhleb the Destroyer
  8303 | D:7      | Found a broken altar of Ashenzari.
  8438 | D:7      | Found a runed translucent door.
  8439 | D:7      | Noticed Crazy Yiuf
  8444 | D:7      | Killed Crazy Yiuf
  8517 | D:8      | Reached skill level 6 in Axes
  8888 | D:8      | Reached XP level 10. HP: 72/86 MP: 9/9
  9114 | D:8      | Reached * piety under Makhleb
  9115 | D:8      | Reached skill level 7 in Axes
  9496 | D:9      | Noticed a gargoyle
  9501 | D:9      | Killed a gargoyle
  9502 | D:9      | Reached skill level 8 in Axes
 10268 | D:9      | Found a shadowy altar of Dithmenos.
 10486 | D:9      | Noticed an elephant
 10486 | D:9      | Identified the +4 war axe "Weir" {vorpal, Int+3}
 10502 | D:9      | Reached skill level 9 in Axes
 10504 | D:9      | Reached ** piety under Makhleb
 10506 | D:9      | Noticed a two-headed ogre
 10987 | D:9      | Reached skill level 1 in Dodging
 11261 | D:9      | Killed a two-headed ogre
 11262 | D:9      | Reached skill level 10 in Armour
 11262 | D:9      | Reached XP level 11. HP: 25/93 MP: 10/10
 11552 | D:9      | Found a staircase to the Orcish Mines.
 11705 | D:10     | Entered Level 10 of the Dungeon
 11780 | D:10     | Noticed a two-headed ogre
 11786 | D:10     | Killed a two-headed ogre
 11787 | D:10     | Reached skill level 10 in Axes
 11947 | D:10     | Found a hide-covered altar of Uskayaw.
 11948 | D:10     | Found a glowing silver altar of Zin.
 12097 | D:10     | Reached *** piety under Makhleb
 12414 | D:9      | Reached skill level 11 in Axes
 13076 | D:10     | Found a staircase to the Lair.
 13146 | D:10     | Identified the +1 robe of Melancholy {rPois Will+ Regen+}
 13316 | D:11     | Reached skill level 12 in Axes
 13330 | D:11     | Noticed a boulder beetle
 13339 | D:11     | Killed a boulder beetle
 13653 | D:11     | Noticed a two-headed ogre
 13668 | D:11     | Killed a two-headed ogre
 14148 | D:11     | Reached XP level 12. HP: 103/103 MP: 11/11
 14508 | D:12     | Noticed Fannar
 15113 | D:12     | Noticed Jorgrun
 15114 | D:12     | Noticed a two-headed ogre
 15139 | D:11     | Killed Jorgrun
 15505 | D:12     | Killed a two-headed ogre
 15506 | D:12     | Reached skill level 13 in Axes
 15845 | D:12     | Killed Fannar
 15971 | D:12     | Noticed Snorg
 16000 | D:12     | Reached **** piety under Makhleb
 16314 | D:12     | Noticed a frost giant
 16848 | D:13     | Noticed an ogre mage
 16849 | D:13     | Noticed a centaur warrior
 16850 | D:13     | Noticed a four-headed hydra
 16851 | D:13     | Noticed a boulder beetle
 17442 | D:11     | Reached skill level 14 in Axes
 17453 | D:12     | Killed Snorg
 17512 | D:12     | Noticed a boulder beetle
 17524 | D:11     | Killed a boulder beetle
 17731 | D:12     | Killed a frost giant
 17767 | D:12     | Reached XP level 13. HP: 86/111 MP: 12/12
 19334 | D:13     | Reached skill level 10 in Shields
 20486 | D:13     | Found Gozag's Platinum Reserve.
 20487 | D:13     | Found an opulent altar of Gozag.
 20780 | D:13     | Got Sif Muna's Reference Book on Transmutation and
                  | Necromancy
 20812 | D:13     | Reached skill level 15 in Axes
 22385 | D:14     | Noticed Kirke
 22601 | D:14     | HP: 1/113 [three-headed hydra (11)]
 22609 | D:14     | Reached skill level 16 in Axes
 23365 | D:14     | Found a gate to the Vaults.
 23519 | D:14     | Mangled by a manticore

Illustrated notes

Levels and vault maps discovered:
D:1:      nzn_arrival_crosshair, layout_basic, st_stairs_8
D:2:      layout_basic, st_stairs_1, mrwooster_statue_mirror,
          kennysheep_generic_room_10
D:3:      layout_basic, mainiacjoe_overflow_catwalk, pf_guarded_unrand_delatra,
          uniq_ijyb
D:4:      layout_rooms, old_standard_altar, goddamned_bats
D:5:      kennysheep_big_flooded_room, layout_basic, nzn_hepliaklqana_mist_gate,
          kennysheep_little_box
D:6:      layout_basic, grunt_temple_overflow_holy_war,
          minmay_temple_entry_overgrown, water_maze_lemuel
D:7:      layout_gridville, nicolae_ashenzari_panopticon, minmay_starry_boxes,
          uniq_maggie, uniq_crazy_yiuf_cottage
D:8:      layout_basic
D:9:      wad_woods_minihive, layout_long_grid, general_overflow_altar,
          orc_0_dummy
D:10:     layout_roguey, chequers_temple_overflow_statue_of_worship,
          erik_lair_dragon, special_room [special_room_kobold]
D:11:     layout_irregular_city, hangedman_abyss_or_decor_clamps, worms_lemuel
D:12:     nzn_winding_woodlands_small [nzn_winding_woodlands_5x15_eye,
          nzn_winding_woodlands_center_pierced_h,
          nzn_winding_woodlands_5x15_cabin], layout_rooms, uniq_fannar,
          uniq_snorg, uniq_jorgrun
D:13:     minmay_the_grid_octo_triangle [minmay_the_grid_octo_empty,
          minmay_the_grid_octo_prize_big_c,
          minmay_the_grid_octo_tetromino_candy], layout_basic,
          serial_corexii_hall, corexii_hall_statues_t, corexii_hall_statues_l,
          corexii_hall_statues_s, corexii_hall_statues_l,
          nicolae_gozag_zags_fifth_avenue
D:14:     layout_cave_pools, erik_vaults_1, hangedman_decor_slide_cut,
          minmay_misc_feat_secret_circle, uniq_kirke
Temple:   minmay_temple_bridge_abc

Skill      XL: |  1  2  3  4  5  6  7  8  9 10 11 12 13 |
---------------+----------------------------------------+-----
Shields        | 4 5 6 7 8 9 10 | 10.5
Evocations     | 1 2 3 4 5 6 7 8 9 |  9.0
Armour         | 4 5 6 7 8 10 11 13 14 | 14.8
Axes           | 3 6 9 12 14 16 | 16.1
Fighting       | 4 5 7 8 9 |  9.9
Maces & Flails | 1 3 5 7 8 |  8.0
Stealth        | 1 2 |  2.6
Dodging        | 1 2 |  2.0

Action                   |  1- 3 |  4- 6 |  7- 9 | 10-12 | 13-15 || total
-------------------------+-------+-------+-------+-------+-------++-------
Melee: War axe           |    95 |    12 |       |       |       ||   107
       Headbutt          |     8 |     6 |    46 |   108 |    84 ||   252
       Whip              |       |    92 |   124 |       |       ||   216
       Broad axe         |       |       |    90 |   490 |   294 ||   874
       Unarmed           |       |       |       |       |     4 ||     4
Evoke: Wand              |       |       |     2 |    20 |    15 ||    37
  Use: Scroll            |       |       |     5 |    11 |     1 ||    17
       Potion            |       |       |       |     6 |     3 ||     9
 Stab: Paralysed         |       |       |       |    11 |     9 ||    20
Armor: Scale mail        |    31 |     4 |       |       |       ||    35
       Plate armour      |       |    81 |   138 |   438 |   228 ||   885
Dodge: Dodged            |    51 |    36 |    70 |   195 |   109 ||   461
Block: Buckler           |    19 |    33 |    62 |   181 |    89 ||   384
